 Dungeon Crawl Stone Soup version 0.15.0-11-g6f4f891 (webtiles) character file.

168 Kashira the Sneak (level 5, -7/43 HPs)
             Began as a Naga Enchanter on Aug 31, 2014.
             Mangled by a gnoll
             ... wielding a +0 flail
              (12 damage)
             ... on Level 4 of the Dungeon.
             The game lasted 00:11:17 (2911 turns).

Kashira the Sneak (Naga Enchanter)                  Turns: 2911, Time: 00:11:17

HP  -7/43        AC  3     Str 10      XL: 5   Next: 48%
MP   2/11        EV  9     Int 16      God:
Gold 158         SH  0     Dex 12      Spells:  4 memorised,  1 level left

rFire  . . .     SeeInvis +     a - +1 dagger
rCold  . . .     Clarity  .     j - +0 leather armour
rNeg   . . .     rCorr    .     (no shield)
rPois  +         rRot     .     (no helmet)
rElec  .         Spirit   .     (no cloak)
SustAb .         Warding  .     (no gloves)
rMut   .         Stasis   .     (no barding)
Gourm  .                        (no amulet)
MR     .....                    (no ring)
                                g - ring of flight

@: short of breath, very slightly contaminated, very slow, not resistant to
hostile enchantments, fairly stealthy
A: spit poison, see invisible, deformed body, poison resistance, slowness 2, AC
+1
a: Spit Poison, Evoke Flight


You were on level 4 of the Dungeon.
You were near starving.

You visited 1 branch of the dungeon, and saw 4 of its levels.

You collected 158 gold pieces.

Inventory:

Hand weapons
 a - a +1 dagger (weapon)
Armour
 b - a +1 robe
 j - a +0 leather armour (worn)
Magical devices
 x - a wand of random effects (9)
Comestibles
 d - 3 bread rations
 l - a meat ration
 u - a royal jelly
 z - 2 chunks of orc flesh
Scrolls
 e - 2 scrolls of fog {unknown}
 h - 2 scrolls of enchant armour {unknown}
 i - 2 scrolls of teleportation {unknown}
 k - 3 scrolls of identify {unknown}
 m - a scroll of remove curse {unknown}
 o - a scroll of noise {unknown}
 q - 2 scrolls of enchant weapon {unknown}
Jewellery
 g - a ring of flight (left hand)
 w - an uncursed ring of fire {unknown}
Potions
 f - a potion of heal wounds {unknown}
 n - 2 potions of curing {unknown}
 r - a potion of experience {unknown}
 s - 2 potions of restore abilities {unknown}
 t - a potion of agility {unknown}
 v - a potion of brilliance {unknown}
Books
 c - a book of Maledictions

   Spells                             Type                      Level
   *Corona                            Hexes                        1
   *Sure Blade                        Hexes/Charms                 2
   Ensorcelled Hibernation            Hexes/Ice                    2
   *Confuse                           Hexes                        3
   *Dazzling Spray                    Conjuration/Hexes            3
   Enslavement                        Hexes                        4
Miscellaneous
 p - a plain deck of war


   Skills:
 + Level 0.8 Fighting
 + Level 1.2 Short Blades
 + Level 1.6 Armour
 + Level 2.0 Dodging
 + Level 4.8 Stealth
 + Level 3.0 Spellcasting
 + Level 4.0 Hexes
 + Level 0.6 Charms


You had one spell level left.
You knew the following spells:

 Your Spells              Type           Power        Failure   Level  Hunger
a - Corona                Hex            ###....      4%          1    #......
b - Sure Blade            Hex/Chrm       #.........   12%         2    ##.....
c - Confuse               Hex            ###.....     12%         3    ###....
d - Dazzling Spray        Conj/Hex       #.......     28%         3    ###....


Dungeon Overview and Level Annotations

Branches:
Dungeon (4/15)
 Temple: D:4-7

Altars:
Nemelex Xobeh


Innate Abilities, Weirdness & Mutations

You cannot wear boots.
You can spit poison.
Your serpentine skin is tough (AC +1).
You have supernaturally acute eyesight.
Armour fits poorly on your strangely shaped body.
Your system is resistant to poisons.
You cover ground very slowly.


Message History

* * * LOW HITPOINT WARNING * * *
You closely miss the gnoll.
The gnoll is heavily wounded.
The gnoll closely misses you.
You hit the gnoll but do no damage.
The gnoll is heavily wounded.
The gnoll hits you with a flail.
* * * LOW HITPOINT WARNING * * *
Unknown command.
Use which ability? (? or * to list) Use which ability? (? or * to list)
Okay, then.
You hit the gnoll.
The gnoll is severely wounded.
Use which ability? (? or * to list)
You can't do that yet.
You completely miss the gnoll.
The gnoll is severely wounded.
The gnoll hits you with a flail!
You die...

...###.##
#..........#
...# ###
#.#.#.#...##
#.## #.........#
#.. #........##
... ##.(.....#
... ###.....#
##...## ####g.##
#..@%..####
........###.).%#
.......
####........
....... ###....
....>.. ...
...... < .....
.... .


You could see a gnoll.

Vanquished Creatures
  Natasha (thrice) (D:3)
  A worker ant (D:4)
  2 gnolls (D:4)
  3 worms
  3 giant geckos
  5 orcs
  6 bats
  2 giant cockroaches
  6 goblins
  9 hobgoblins
  3 jackals (D:1)
  8 kobolds
  A quokka (D:3)
  4 ball pythons
  A giant newt (D:3)
  6 rats
63 creatures vanquished.

Notes
Turn   | Place    | Note
--------------------------------------------------------------
     0 | D:1      | Kashira, the Naga Enchanter, began the quest for the Orb.
     0 | D:1      | Reached XP level 1. HP: 15/15 MP: 3/3
   310 | D:1      | Reached XP level 2. HP: 19/22 MP: 4/4
   325 | D:1      | Learned a level 2 spell: Sure Blade
  1496 | D:2      | Reached XP level 3. HP: 28/28 MP: 6/6
  1501 | D:2      | Learned a level 3 spell: Confuse
  1903 | D:3      | Found a sparkling altar of Nemelex Xobeh.
  2018 | D:3      | Noticed Natasha
  2026 | D:3      | Killed Natasha
  2026 | D:3      | Reached skill level 1 in Armour
  2026 | D:3      | Reached XP level 4. HP: 16/36 MP: 4/8
  2110 | D:3      | Noticed Natasha
  2118 | D:3      | Killed Natasha
  2197 | D:3      | Noticed Natasha
  2198 | D:3      | Killed Natasha
  2502 | D:4      | Reached XP level 5. HP: 43/43 MP: 7/9
  2507 | D:4      | Learned a level 3 spell: Dazzling Spray
  2911 | D:4      | Mangled by a gnoll

Action                   |  1- 3 |  4- 6 || total
-------------------------+-------+-------++-------
Melee: Dagger            |    83 |    55 ||   138
 Cast: Corona            |     7 |     2 ||     9
       Sure Blade        |     6 |       ||     6
       Confuse           |     3 |     3 ||     6
       Dazzling Spray    |       |     5 ||     5
 Abil: Spit Poison       |    36 |    36 ||    72
Evoke: Wand              |       |     1 ||     1
 Stab: Confused          |       |     1 ||     1
       Invisible         |       |     1 ||     1
  Eat: Chunk             |     6 |     5 ||    11
